 Dungeon Crawl Stone Soup version 0.31-a0-229-g1fc7ce93e2 (webtiles) character file.

Game seed: 8240221331562378742

257 qw the Shooter (level 5, -3/42 HPs)
             Began as a Minotaur Hexslinger on July 6, 2023.
             Slain by a gnoll
             ... wielding a +0 club
              (5 damage)
             ... on level 3 of the Dungeon.
             The game lasted 00:00:43 (1943 turns).

qw the Shooter (Minotaur Hexslinger)                Turns: 1943, Time: 00:00:44

Health: -3/42      AC:  5    Str: 13    XL:     5   Next: 93%
Magic:  5/5        EV: 11    Int: 10    God:
Gold:   114        SH:  0    Dex: 14    Spells: 5/6 levels left

rFire   . . .        Y - +3 sling
rCold   . . .        (no shield)
rNeg    . . .        f - +0 ring mail
rPois   .            (helmet restricted)
rElec   .            (no cloak)
rCorr   .            (no gloves)
SInv    .            (no boots)
Will    .....        (no amulet)
Stlth   +            (no ring)
HPRegen 0.27/turn    (no ring)
MPRegen 0.09/turn

%: no passive effects
@: no status effects
A: horns 2, retaliatory headbutt
a: no special abilities


You were on level 3 of the Dungeon.
You visited 1 branch of the dungeon, and saw 3 of its levels.

You collected 114 gold pieces.


Innate Abilities, Weirdness & Mutations

You have a pair of horns on your head.
You reflexively headbutt those who attack you in melee.


   Skills:
 + Level 2.6 Fighting
 - Level 6.3 Ranged Weapons
 - Level 1.0 Armour
 - Level 2.1 Dodging
 - Level 1.0 Spellcasting
 - Level 2.0 Hexes


You had 5 spell levels left.
You knew the following spells:

 Your Spells              Type           Power      Damage    Failure   Level
a - Slow                  Hex            16%        N/A       32%         1

Your spell library contained the following spells:

 Spells                   Type           Power      Damage    Failure   Level
 Inner Flame              Hex/Fire       2%         N/A       82%         3
 Portal Projectile        Hex/Tloc       4%         N/A       82%         3
 Cause Fear               Hex            2%         N/A       97%         4

Inventory:

Hand Weapons
 Y - a +3 sling (weapon)
Armour
 f - a +0 ring mail (worn)
Scrolls
 a - a scroll of revelation {unknown}
Potions
 d - a potion of invisibility {unknown}
 e - a potion of mutation {unknown}
 h - a potion of curing {unknown}

Dungeon Overview and Level Annotations

Branches:
Dungeon (3/15)

Altars:
Ashenzari
Nemelex Xobeh


Message History

You shoot a sling bullet.
The sling bullet barely misses the gnoll.
The gnoll throws a stone.
The stone hits you.
You shoot a sling bullet. The sling bullet hits the gnoll.
The gnoll is lightly wounded.
The gnoll throws a stone.
The stone hits you.
You shoot a sling bullet. The sling bullet hits the gnoll.
The gnoll is moderately wounded.
You shoot a sling bullet. The sling bullet hits the gnoll.
The gnoll is severely wounded.
The gnoll barely misses you.
You shoot a sling bullet. The sling bullet hits the gnoll!
You kill the gnoll!
The gnoll throws a stone.
The stone closely misses you.
You shoot a sling bullet. The sling bullet hits the gnoll.
The gnoll is moderately wounded.
The gnoll closely misses you. x2; The gnoll hits you with a +0 club.
The gnoll hits you from afar with a +0 halberd!
You shoot a sling bullet.
The sling bullet closely misses the gnoll.
The gnoll closely misses you. The gnoll misses you. You furiously retaliate!
You headbutt the gnoll. You shoot a sling bullet.
The sling bullet hits the gnoll.
The gnoll is severely wounded.
The gnoll closely misses you. The gnoll hits you with a +0 club!
You shoot a sling bullet.
The sling bullet closely misses the gnoll.
The gnoll hits you from afar with a +0 halberd!
The gnoll hits you with a +0 club.
You shoot a sling bullet.
The sling bullet barely misses the gnoll.
The gnoll hits you from afar with a +0 halberd!
The gnoll misses you.
You shoot a sling bullet.
The sling bullet closely misses the gnoll.
The gnoll closely misses you. x2
You shoot a sling bullet. The sling bullet hits the gnoll.
The gnoll is almost dead.
The gnoll hits you but does no damage. The gnoll hits you with a +0 club.
You die...

######## .. .# #....... ####
...#.# #......# #..###.####+
#......# ###....###...# #......#
#........#._.#
#......###.#....###...#
#..........#..###.#####
#....g@|...####....#.#.
#...g).....#......##.##
#..........#......#...#
########''..........#.....##...#
#.......}.}.........#.....#.....
##........_................#.....
.........}.}.....................
##..........##################.#.
##########........ #.#.


You could see 2 gnolls.

Vanquished Creatures
  Sigmund (D:2)
  Jessica (D:1)
  2 adders
  A gnoll (D:3)
  An orc (D:3)
  4 ball pythons (D:1)
  An endoplasm (D:2)
  4 hobgoblins
  3 jackals (D:2)
  A quokka (D:1)
  4 bats
  A frilled lizard (D:2)
  7 goblins
  5 kobolds
  5 rats
41 creatures vanquished.

Notes
Turn   | Place    | Note
-------+----------+-------------------------------------------
     0 | D:1      | qw the Minotaur Hexslinger began the quest for the Orb.
     0 | D:1      | Reached XP level 1. HP: 16/16 MP: 1/1
     0 | D:1      | 0 ||| qw: Version: 0.3-a-46-gb1f654a
     0 | D:1      | 0 ||| qw: Game counter: 1639
     0 | D:1      | 0 ||| qw: Melee chars always use a shield: true
     0 | D:1      | 0 ||| qw: God list: Okawaru
     0 | D:1      | 0 ||| qw: Allow faded altars: false
     0 | D:1      | 0 ||| qw: Do Orc after clearing Dungeon:15 true
     0 | D:1      | 0 ||| qw: Do second Lair branch before Depths: true
     0 | D:1      | 0 ||| qw: Lair rune preference: random
     0 | D:1      | 0 ||| qw: Goals: Normal
     0 | D:1      | 0 ||| PLANNING D:1-11
   176 | D:1      | Reached skill level 3 in Ranged Weapons
   203 | D:1      | Reached XP level 2. HP: 23/23 MP: 2/2
   589 | D:1      | 589 ||| UPGRADING to +0 ring mail.
   599 | D:1      | 599 ||| DROPPING +0 robe.
   600 | D:1      | 600 ||| DROPPING scroll of poison.
   650 | D:2      | Noticed Jessica
   656 | D:2      | 656 ||| STAIRDANCE
   714 | D:2      | 714 ||| STAIRDANCE
   722 | D:1      | HP: 5/24 [Jessica/+0 dagger (5)]
   723 | D:1      | Killed Jessica
   724 | D:1      | Reached skill level 4 in Ranged Weapons
   724 | D:1      | Reached XP level 3. HP: 6/29 MP: 3/3
   979 | D:2      | Reached skill level 1 in Armour
  1251 | D:2      | Noticed Sigmund
  1265 | D:2      | 1265 ||| READING 2 scrolls labelled HEEROE FISS.
  1266 | D:2      | 1266 ||| READING scroll of enchant weapon.
  1266 | D:2      | 1266 ||| ENCHANTING +2 sling.
  1266 | D:2      | HP: 4/29 [Sigmund/+0 scythe (7)]
  1268 | D:2      | 1268 ||| STAIRDANCE
  1370 | D:1      | 1370 ||| READING scroll labelled YGYHICZ ZIEGUC.
  1371 | D:1      | 1371 ||| READING scroll labelled BEBYTZ PAOM.
  1460 | D:2      | Reached XP level 4. HP: 36/36 MP: 4/4
  1504 | D:2      | 1504 ||| FLEEEEING.
  1507 | D:2      | 1507 ||| FLEEEEING.
  1508 | D:2      | 1508 ||| FLEEEEING.
  1509 | D:2      | 1509 ||| FLEEEEING.
  1510 | D:2      | 1510 ||| FLEEEEING.
  1516 | D:2      | Killed Sigmund
  1517 | D:2      | Reached skill level 6 in Ranged Weapons
  1517 | D:2      | Reached XP level 5. HP: 27/41 MP: 5/5
  1800 | D:3      | Found a sparkling altar of Nemelex Xobeh.
  1851 | D:3      | Found a broken altar of Ashenzari.
  1940 | D:3      | HP: 10/42 [gnoll/+0 club (4)]
  1941 | D:3      | HP: 1/42 [gnoll/+0 halberd (9)]
  1943 | D:3      | Slain by a gnoll

Levels and vault maps discovered:
D:1:      psy_arrival_statuary, layout_loops_ring
D:2:      layout_loops_ring, nicolae_kite_square_tiling_tiny, uniq_sigmund,
          uniq_jessica
D:3:      layout_basic, nemelex_xobeh_ov_fountains_minmay,
          nicolae_ashenzari_panopticon, nrook_uturn

Skill      XL: |  1  2  3  4 |
---------------+-------------+-----
Ranged Weapons | 3 4 6 |  6.3
Fighting       | 2 |  2.6
Armour         | 1 |  1.0
Dodging        | |  2.1
Spellcasting   | |  1.0
Hexes          | |  2.0

Action                     |  1- 3 |  4- 6 || total
---------------------------+-------+-------++-------
   Fire: Sling             |   108 |    54 ||   162
    Use: Scroll            |     4 |       ||     4
 Armour: Robe              |     1 |       ||     1
         Ring mail         |    14 |    11 ||    25
  Dodge: Dodged            |    36 |    17 ||    53

Table legend:
 A = Non-vault XP
 B = Vault XP
 C = Vault XP percentage of total XP
 D = Non-vault monster count
 E = Vault monster count
 F = Vault count percentage of total count
                 A         B        C        D         E       F
            +---------+---------+-------+---------+---------+-------
      Total |     100 |     268 |  72.8 |      39 |       2 |   4.9
            +---------+---------+-------+---------+---------+-------
        D:1 |      27 |      37 |  57.8 |      17 |       1 |   5.6
        D:2 |      37 |     231 |  86.2 |      14 |       1 |   6.7
        D:3 |      36 |       0 |   0.0 |       8 |       0 |   0.0
            +---------+---------+-------+---------+---------+-------
